 Dungeon Crawl Stone Soup version 0.21-a0-538-gd16b88a (webtiles) character file.

60 slep the Chopper (level 3, 0/27 HPs)
             Began as a Demonspawn Gladiator on Dec 16, 2017.
             Succumbed to an adder's poison
             ... on level 3 of the Dungeon.
             The game lasted 00:04:13 (1371 turns).

slep the Chopper (Demonspawn Gladiator)             Turns: 1371, Time: 00:04:14

Health: 0/27       AC:  4    Str: 13 (16) XL:     3   Next: 82%
Magic:  3/3        EV: 18    Int:  7 (9)  God:
Gold:   137        SH:  0    Dex: 17 (20) Spells: 2/2 levels left

rFire    . . .     SeeInvis .   a - +0 war axe
rCold    . . .     Gourm    .   (no shield)
rNeg     . . .     Faith    .   b - +0 leather armour
rPois    .         Spirit   .   c - +0 helmet
rElec    .         Reflect  .   (no cloak)
rCorr    .         Harm     .   (no gloves)
MR       .....                  (no boots)
Stlth    ++........             (no amulet)
HPRegen  0.09/turn              (no ring)
MPRegen  0.08/turn              (no ring)

@: agile, lethally poisoned (0 -> -6), very slightly contaminated, invisible
A: high mp 1, powered by death 1, strong 1
a: no special abilities


You were on level 3 of the Dungeon.
You were not hungry.

You visited 1 branch of the dungeon, and saw 3 of its levels.

You collected 137 gold pieces.

Inventory:

Hand Weapons
 a - a +0 war axe (weapon)
Missiles
 d - 3 throwing nets (quivered)
Armour
 b - a +0 leather armour (worn)
 c - a +0 helmet (worn)
 e - a +0 ring mail
Jewellery
 p - an uncursed ring of protection from fire {unknown}
 s - an uncursed ring of positive energy {unknown}
Scrolls
 i - a scroll of immolation {unknown}
 n - 2 scrolls of identify {unknown}
 q - a scroll of noise {unknown}
 r - a scroll of teleportation {unknown}
 t - a scroll of magic mapping {unknown}
 u - a scroll of remove curse {unknown}
Potions
 g - a potion of invisibility
 j - a potion of degeneration
 l - a potion of lignification {unknown}
 m - a potion of curing {unknown}
 o - a potion of might {unknown}
Comestibles
 f - 3 bread rations
 v - 2 chunks of flesh


   Skills:
 + Level 2.0 Fighting
 + Level 3.7 Axes
 + Level 1.8 Throwing
 + Level 1.1 Armour
 + Level 3.0 Dodging
 + Level 0.1 Stealth


You had 2 spell levels left.
You didn't know any spells.

Dungeon Overview and Level Annotations

Branches:
Dungeon (3/15)

Altars:


Innate Abilities, Weirdness & Mutations

You regenerate a little health from kills.
You have an increased reservoir of magic. (+10% MP)
Your muscles are strong. (Str +2)


Message History

* * * LOW HITPOINT WARNING * * *
The adder bites you.
* * * LOW HITPOINT WARNING * * *
It was a potion of invisibility.
You fade into invisibility!
The adder completely misses you.
You are very lightly contaminated with residual magic.
It was a potion of mutation.
You feel extremely strange.
You feel stronger.
You feel more energetic.
* * * LOW HITPOINT WARNING * * *
You feel sick. The adder barely misses you.
It was a potion of degeneration.
There was something very wrong with that liquid.
You feel weakened.
You feel dopey.
You feel clumsy. The adder bites you.
* * * LOW HITPOINT WARNING * * *
The adder bites you but does no damage.
It was a potion of agility.
You feel agile all of a sudden.
You die...

####.##
#.....#
#.....#
#.....#
..... .<.
#S#
#####@#####
#.........#
#.##...#..#
#.##......##
#.##.......+
#.##......##
#.........#
####......#
##.#####


You could see an adder.

Vanquished Creatures
  2 worms
  A dart slug (D:2)
  4 leopard geckos
  A ball python (D:3)
  4 giant cockroaches
  7 hobgoblins
  3 jackals (D:2)
  A quokka (D:2)
  3 bats
  8 frilled lizards
  2 goblins
  4 kobolds
  9 rats
49 creatures vanquished.

Notes
Turn   | Place    | Note
-------+----------+-------------------------------------------
     0 | D:1      | slep the Demonspawn Gladiator began the quest for the Orb.
     0 | D:1      | Reached XP level 1. HP: 16/16 MP: 1/1
   317 | D:1      | Gained mutation: You regenerate a little health from kills. [demonic ancestry]
   317 | D:1      | Reached XP level 2. HP: 18/22 MP: 2/2
   789 | D:2      | Reached skill level 1 in Armour
   789 | D:2      | Reached XP level 3. HP: 27/27 MP: 3/3
  1369 | D:3      | Gained mutation: Your muscles are strong. (Str +2) [potion of mutation]
  1369 | D:3      | Gained mutation: You have an increased reservoir of magic. (+10% MP) [potion of mutation]
  1370 | D:3      | HP: 1/27 [adder (2)]
  1371 | D:3      | Succumbed to an adder's poison

Vault maps used:
D:1:      wheals_arrival_linesprint, minmay_misc_feat_doors, minmay_hexomino_u4
D:2:      first_bread, minmay_misc_feat_nine_boxes,
          minmay_misc_feat_four_crosses
D:3:      lemuel_doored_altar

Skill      XL: |  1  2 |
---------------+-------+-----
Dodging        | 3 |  3.0
Axes           | 3 |  3.7
Armour         | 1 |  1.1
Fighting       | |  2.0
Throwing       | |  1.8
Stealth        | |  0.1

Action                   || total
-------------------------++-------
Melee: War axe           ||   148
  Use: Potion            ||     4
 Stab: Sleeping          ||     1
  Eat: Chunk             ||     2
Armor: Leather armour    ||    45
Dodge: Dodged            ||   112

Table legend:
 A = Spawn XP
 B = Non-spawn XP
 C = Spawn XP percentage of total XP
 D = Spawn monster count
 E = Non-spawn monster count
 F = Spawn count percentage of total count
 G = Total turns spent on level
                    A         B        C        D         E        F      G
               +---------+---------+-------+---------+---------+-------+---------
         Total |       0 |      87 |   0.0 |       0 |      49 |   0.0 |  1371
               +---------+---------+-------+---------+---------+-------+---------
           D:1 |       0 |      33 |   0.0 |       0 |      23 |   0.0 |   740
           D:2 |       0 |      41 |   0.0 |       0 |      20 |   0.0 |   476
           D:3 |       0 |      13 |   0.0 |       0 |       6 |   0.0 |   155
               +---------+---------+-------+---------+---------+-------+---------
